Cogmind - Beta 13 @@@ ROGUE MODE // 2024.04.02 @ 22:06:51 Player: Mr.Morel Result: Destroyed by D-53 Grenadier with Mini Grenade Launcher Performance ------------- Evolutions (0) 0 Regions Visited (2) 400 Robots Destroyed (10) 50 Value Destroyed (203) 203 Prototype IDs (1) 20 Alien Tech Used (0) 0 Bonus (0) 0 TOTAL SCORE: 673 Bonus ------- None Cogmind --------- Core Integrity 0/250 Matter 300/300 Energy 100/100 System Corruption 6% Temperature Cool (0) Movement Core (100) Ox1 Location -10/Mines Parts ------- > --- POWER (1) -------- (None) > --- PROPULSION (2) --- (None) > --- UTILITY (2) ------ Small Storage Unit > --- WEAPON (2) ------- (None) > --- INVENTORY (8) ---- Ion Engine Light Nuclear Core Aluminum Leg Small Laser Light Cannon Mining Claw Peak State ------------ > --- POWER ------------ Ion Engine > --- PROPULSION ------- Aluminum Leg Aluminum Leg > --- UTILITY ---------- Small Storage Unit Experimental Sensor Array > --- WEAPON ----------- Assault Rifle Light Assault Rifle > --- INVENTORY -------- Ion Engine Light Nuclear Core Aluminum Leg Small Laser Light Cannon [Rating: 15] Favorites ----------- Power Ion Engine Engine Ion Engine Propulsion Aluminum Leg Leg Aluminum Leg Utility Small Storage Unit Device Experimental Sensor Array Storage Small Storage Unit Processor Visual Processing Unit Weapon Assault Rifle Energy Gun EM Pulse Gun Ballistic Gun Assault Rifle Build | -11 -10 -10 ------- Run | Yrd Mat Min Slots Evolved . | . . . Power . | . . . Propulsion . | . . . Utility . | . . . Weapon . | . . . Parts Attached 11 | 6 3 2 Power 1 | 1 . . Engine 1 | 1 . . Core . | . . . Reactor . | . . . Propulsion 2 | 2 . . Treads . | . . . Leg 2 | 2 . . Wheel . | . . . Hover . | . . . Flight . | . . . Utility 3 | 1 1 1 Device 1 | . . 1 Storage 1 | 1 . . Processor 1 | . 1 . Hackware . | . . . Protection . | . . . Artifact . | . . . Weapon 5 | 2 2 1 Energy Gun 3 | 1 2 . Energy Cannon . | . . . Ballistic Gun 2 | 1 . 1 Ballistic Cannon . | . . . Launcher . | . . . Special Weapon . | . . . Impact Weapon . | . . . Slashing Weapon . | . . . Piercing Weapon . | . . . Special Melee Weapon . | . . . Unidentified Prototypes 1 | . . 1 Parts Lost 7 | . . 7 Power 1 | . . 1 Propulsion 2 | . . 2 Utility 1 | . . 1 Weapon 3 | . . 3 Highest Loss Streak 6 | . . 6 To Critical Strikes . | . . . Average Slot Usage (%) 92 | . 89 96 Engine 13 | . 14 13 Leg 27 | . 28 26 Device 2 | . . 5 Storage 14 | . 14 14 Processor 5 | . 4 8 Energy Gun 10 | . 14 4 Ballistic Gun 17 | . 14 21 Naked Turns . | . . . Heaviest Build 14 | 13 14 14 Greatest Support 20 | 20 20 20 Greatest Overweight (x) 1 | . . 1 Average Overweight (x) . | . . . Largest Inventory Capacity 8 | 8 8 8 Average Capacity 7 | 6 8 8 Most Carried 7 | 5 7 6 Average Carried 4 | 2 4 5 Final Capacity 8 | 8 8 8 Final Carried 6 | 2 5 6 Class Distribution -------------------- 100% | Mutant Dominant Class ---------------- Mutant | -10/Materials Mutant | -10/Mines Resources | -11 -10 -10 ----------- Run | Yrd Mat Min Matter Collected 383 | 221 83 79 Remotely . | . . . Salvage Created 220 | . 119 101 Parts 15 | . 11 4 Haulers Intercepted . | . . . Recyclers Shooed . | . . . Parts Field Recycled . | . . . Retrieved Matter . | . . . Parts Self-Destructed . | . . . Prevented . | . . . Kills | -11 -10 -10 ------- Run | Yrd Mat Min Combat Hostiles Destroyed 7 | . 5 2 Guns 5 | . 3 2 AOE 2 | . 2 . Classes Destroyed 4 | . 4 . Worker 2 | . 2 . Watcher 1 | . 1 . Swarmer 4 | . 4 . Grunt 3 | . 1 2 Best Kill Streak 3 | . 3 1 Combat Bots Only 2 | . 2 1 Max Kills in Single Turn 2 | . 2 1 Gunslinging 1 | . 1 . Exploded 1 | . 1 . Melee . | . . . Uniques/NPCs Destroyed . | . . . Combat | -11 -10 -10 -------- Run | Yrd Mat Min Hostile Shots Fired 63 | . 36 27 Missed 22 | . 11 11 Damage Taken 812 | . 299 513 Core 256 | . 59 197 Absorbed by Shields . | . . . Core Remaining (%) 100 | 100 . . Volleys Fired 19 | . 12 7 Largest 2 | . 2 2 Hottest 60 | . 60 60 Shots Fired 35 | . 24 11 Gun 35 | . 24 11 Cannon . | . . . Launcher . | . . . Special . | . . . Kinetic 19 | . 12 7 Thermal . | . . . Explosive . | . . . Electromagnetic 16 | . 12 4 Robot Hit Streak 5 | . 3 5 Robot Miss Streak 3 | . 3 1 Penetration Max . | . . . Secondary Targets 1 | . 1 . Max Gunslinging Chain 1 | . 1 . Shots Hit Robots 21 | . 13 8 Core Hits 12 | . 7 5 Critical Kills . | . . . Critical Parts Destroyed . | . . . Critical Strikes . | . . . Melee Attacks . | . . . Impact . | . . . Slashing . | . . . Piercing . | . . . Sneak Attacks . | . . . Combat Hostiles . | . . . Follow-up Attacks . | . . . Damage Inflicted 569 | . 460 109 Guns 246 | . 145 101 Cannons . | . . . Explosions 296 | . 296 . Melee . | . . . Ramming 27 | . 19 8 Kinetic 159 | . 85 74 Thermal 27 | . 27 . Explosive 269 | . 269 . Electromagnetic 87 | . 60 27 Impact . | . . . Slashing . | . . . Piercing . | . . . Highest Corruption 6 | . 6 6 Average Corruption 5 | . 5 6 Corruption Purged . | . . . Corruption Blocked . | . . . Effects 15 | . 4 11 Message Errors 6 | . 2 4 Matter Fused 5 | . 1 4 Heat Flow Errors 2 | . . 2 Data Loss (minor) 1 | . . 1 Data Loss (major) 1 | . 1 . Overload Shots . | . . . Overflow Damage 18 | . 18 . Projectiles . | . . . Explosions 18 | . 18 . Melee . | . . . Knockbacks . | . . . Impact . | . . . Kinetic . | . . . Secondary . | . . . Self-Inflicted Damage 65 | . 65 . Shots 1 | . 1 . Rammed . | . . . Targets Rammed 5 | . 2 3 Kicked 5 | . 2 3 Crushed . | . . . Highest Temperature 207 | . 24 207 Average Temperature 49 | . 12 63 Received Heat Transfer 161 | . 78 83 Siege Activations . | . . . Robots Corrupted . | . . . Combat Hostiles . | . . . Parts Fried . | . . . Impact Corruptions . | . . . Robots Melted . | . . . Combat Hostiles . | . . . Parts Melted . | . . . Heat Transferred 50 | . 50 . Parts Sabotaged . | . . . Parts Stolen . | . . . Parts Stripped . | . . . Power Chain Reactions 1 | . 1 . Alert | -11 -10 -10 ------- Run | Yrd Mat Min Peak Influence 170 | . 170 106 Initial 66 | . . 66 Average 60 | . 51 90 Maximum Alert Level . | . . . Low Security (%) 100 | 100 100 100 Level 1 . | . . . Level 2 . | . . . Level 3 . | . . . Level 4 . | . . . Level 5 . | . . . High Security . | . . . Max Security . | . . . Squads Dispatched 1 | . 1 . Investigation . | . . . Extermination . | . . . Reinforcement 1 | . 1 . Assault . | . . . Garrison . | . . . Intercept . | . . . Searches Triggered . | . . . Construction Impeded . | . . . Haulers Reinforced . | . . . Active Scanning Responses . | . . . Cargo Convoy Interrupts . | . . . Stealth | -11 -10 -10 --------- Run | Yrd Mat Min Distress Signals 2 | . 2 . Communications Jammed . | . . . Distress Signals . | . . . Times Spotted 26 | . 14 12 Peak Tracking Total 9 | . 6 9 Tactical Retreats 1 | . 1 . Traps | -11 -10 -10 ------- Run | Yrd Mat Min Traps Triggered 3 | . 3 . Indirectly . | . . . Trap Hack Attempts . | . . . Triggered . | . . . Disarmed . | . . . Reprogrammed . | . . . Reused . | . . . Traps Extracted . | . . . Installed . | . . . Triggered . | . . . Machines | -11 -10 -10 ---------- Run | Yrd Mat Min Machines Disabled 3 | . 3 . Max in Single Turn 2 | . 2 . Machines Repaired . | . . . Machines Dismantled . | . . . Machines Sabotaged . | . . . Overloaded Fab Kills . | . . . Hacking | -11 -10 -10 --------- Run | Yrd Mat Min Machines Accessed 2 | . 1 1 Terminals 2 | . 1 1 Fabricators . | . . . Repair Stations . | . . . Recycling Units . | . . . Scanalyzers . | . . . Garrison Access . | . . . Total Hacks 3 | . 1 2 Successful 1 | . 1 . Failed 2 | . . 2 Catastrophic 1 | . . 1 Database Lockouts . | . . . Manual . | . . . Terminals 3 | . 1 2 Fabricators . | . . . Repair Stations . | . . . Recycling Units . | . . . Scanalyzers . | . . . Garrison Access . | . . . Terminal Hacks 1 | . 1 . Emergency Access Points 1 | . 1 . Fabricator Hacks . | . . . Repair Station Hacks . | . . . Recycling Unit Hacks . | . . . Scanalyzer . | . . . Garrison Access Hacks . | . . . Unauthorized Hacks . | . . . Terminals . | . . . Fabricators . | . . . Repair Stations . | . . . Recycling Units . | . . . Scanalyzers . | . . . Garrison Access . | . . . Data Cores Recovered . | . . . Used . | . . . Hacking Detections 2 | . 1 1 Full Trace Events 1 | . . 1 Feedback Events . | . . . Feedback Blocked . | . . . Robot Schematics Acquired . | . . . Robots Built . | . . . Authchips . | . . . Time . | . . . Total Robot Build Rating . | . . . Part Schematics Acquired . | . . . Parts Built . | . . . Authchips . | . . . Time . | . . . Total Part Build Rating . | . . . Parts Repaired . | . . . Time . | . . . Parts Recycled . | . . . Recycled Matter . | . . . Retrieved Matter . | . . . Retrieved Components . | . . . Parts Scanalyzed . | . . . Part Schematics Acquired . | . . . Parts Damaged . | . . . Bothacking | -11 -10 -10 ------------ Run | Yrd Mat Min Used RIF Installer . | . . . Robots Hacked . | . . . Non-combat . | . . . Combat . | . . . Robot Hacks Applied . | . . . Relay Couplers Released . | . . . Fabnet Peak Effective % . | . . . Robots Rewired . | . . . Allies Hacked . | . . . Hacks Repelled . | . . . Allies | -11 -10 -10 -------- Run | Yrd Mat Min Total Allies . | . . . Largest Group . | . . . Highest-Rated Group . | . . . Highest-Rated Ally . | . . . Total Orders . | . . . Ally Attacks . | . . . Total Damage . | . . . Kills . | . . . Allies Corrupted . | . . . Allies Melted . | . . . Intel | -11 -10 -10 ------- Run | Yrd Mat Min Robot Analysis Total . | . . . Derelict Logs Recovered 3 | . . 3 Drone Launches . | . . . Drone Recoveries . | . . . Exploration | -11 -10 -10 ------------- Run | Yrd Mat Min Turns Passed 1042 | 97 568 377 Spaces Moved 794 | 74 434 286 Core 14 | 7 . 7 Treads . | . . . Legs 780 | 67 434 279 Wheels . | . . . Hover . | . . . Flight . | . . . Fastest Speed 50 | 50 120 100 Average Speed 119 | 113 120 119 Slowest Speed 120 | 120 120 120 Overloaded Moves . | . . . Propulsion Burnouts . | . . . Robots Hopped . | . . . Cave-ins Triggered . | . . . Exploration Rate (%) 26 | 5 42 33 Regions Visited 2 Branch Regions 1 Pre-discovered Areas 1 | . . 1 Known Exits Taken . | . . . Unknown Exits Taken 2 | 1 1 . Scrap Searched 1 | . . 1 Spaces Dug . | . . . Terrain Destroyed 26 | . 26 . Melee . | . . . Projectile . | . . . AOE 26 | . 26 . Terrain Rammed . | . . . Walls Destroyed . | . . . Machines Disabled . | . . . Actions | -11 -10 -10 --------- Run | Yrd Mat Min Total 853 | 87 456 310 Wait 8 | . . 8 Move 792 | 73 433 286 Hop . | . . . Pick Up 16 | 8 5 3 Fast Attach . | . . . Attach 9 | 6 1 2 Detach . | . . . Swap 2 | . 2 . Drop 2 | . 1 1 Fire 19 | . 12 7 Melee . | . . . Ram . | . . . Kick 5 | . 2 3 Crush . | . . . Escape Stasis . | . . . Rewire . | . . . Trap . | . . . Miscellaneous . | . . . Route ------- -11/Scrapyard -10/Materials -10/Mines (discovered 1 exit: [*Mat]) History --------- Turn | Location | Event 5 | -11/Scrapyard | Discovered new exit (range 16) 98 | -11/Scrapyard | Entered Materials 318 | -10/Materials | Build established: Mutant 532 | -10/Materials | Discovered new exit (range 17) 666 | -10/Materials | Entered Mines 672 | -10/Mines | Learned location of Storage (-7) 680 | -10/Mines | Learned Materials stockpile data 852 | -10/Mines | Discovered new exit (range 8) 870 | -10/Mines | Learned Materials emergency access door positions 895 | -10/Mines | Found a damaged Exp. Sensor Array with a note attached 897 | -10/Mines | Found Prototype Device 899 | -10/Mines | Identified Exp. Sensor Array 992 | -10/Mines | Assembled infested the area 997 | -10/Mines | Assisted by a Guerilla fighting off Assembled 1033 | -10/Mines | Core integrity fell below 50% 1036 | -10/Mines | Core integrity fell below 20% 1043 | -10/Mines | Destroyed by D-53 Grenadier with Mini Grenade Launcher Last Messages --------------- U-05 Engineer lays Concrete. as-51787 destroyed. Assault Rifle destroyed. as-99529 destroyed. The unstable cave ceiling collapses. U-05 Engineer lays Concrete. as-31475 destroyed. The unstable cave ceiling collapses. U-05 Engineer lays Concrete. U-05 Engineer destroyed. The unstable cave ceiling collapses. Exp. Sensor Array destroyed. as-37209 destroyed. K#STMJSI ID1#K4>J5:8L8BZ XX2Q#QFDQ Aluminum Leg destroyed. Lgt. Assault Rifle destroyed. The unstable cave ceiling collapses. as-82292 destroyed. D-53 Grenadier destroyed. The unstable cave ceiling collapses. Map ----- +----------------------------------------------------+ | ????????????????????## #?????????????????????? | | ???????????????????## #?????????????????????? | | ???????????????????# ##?????????????????????? | | ???????????????????# ##??????????????????????? | | ???????????????????## #???????????????????????? | | ????????????????????## #???????????????????????? | | ????####?????????????## #####??#????????????????? | | ????? #??????????????# ## #????????????????? | | ??#### #???????????#### ###??????????????? | | ?##T## ##??????????# #??????????????? | | ?# #?????????## % #??????????????? | | ## """ #####?????# ## #??????????????? | | """ #?????# ##????????????????? | | ## """ ### #?????# # ?????????????????? | | ?# #?# #????## # #?#?????????????????? | | ?# #?# #????# #????????????????????? | | ?# #?# #????## #????????????????????? | | ?# #?# #????# #????????????????????? | | ?#### ##?# #????## ##???????????????????? | | ????# #### ###### %d ###?????????????????? | | ????# # ##????????????????? | | ????############# ## #????????????????? | | ????????????????#!## #????????????????? | | ????????????????# # ##????????????????? | | ????????????????#%## ###?????????????????? | | ????????????????# ##### @ ;#???????????????????? | | ????????????????# #???### ;#???????????????????? | | ????????????????#%#?????# ##??????????????????? | | ????????????????# #????## % % #??????????????????? | | ????????????????# #??### #??????????????????? | | ????????????????# #?## ##??????????????????? | | ????????????????# #?# t ##???????????????????? | | ????????????????# #?# ##????????????????????? | | ????????????????# ### #t #?????????????????????? | | ????????????????# ## ######????????????????? | | ????????????????##### ### #????????????????? | | ????????????????????########### #????????????????? | | ????????????????????#### ##### ####?????????????? | | ???????????????????## #?????????????? | | ???????????????????# < #?????????????? | | ???????????????????# ##?????????????? | | ???????????????????## ## ##??????????????? | | ????????????????????## ### ##???????????????? | | ?????????????????????### #?#####????????????????? | | ??????????????###??????# #??????????????????????? | | ?????????????## ####### #??????????????????????? | | ?????????????# ## ##?????????????????????? | | ?????????????# ###???????????????????? | | ?????????????# ##??????????????????? | | ?????????????# #??????????????????? | +----------------------------------------------------+ Best States ------------- Heat Dissipation 25 Energy Generation 10 Energy Capacity 250 Matter Stores 300 Matter Capacity 300 Sight Range 18 Robot Scan Range 20 Terrain Scan Density 10 Evasion (%) 55 Item Schematics ----------------- None Robot Schematics ------------------ None Fabricated ------------ Nothing Alien Tech Used ----------------- None Achievements -------------- None Challenges ------------ None Game ------ Seed ChainRainbowRedirector Manual? 0 Play Time 00:12:09 Cumulative 4.7 hours Start 2024.04.02 @ 20:57:49 End 2024.04.02 @ 22:06:51 Sessions 1 Manual Loads 0 Difficulty Rogue Special Mode None Game No. 8 Rogue 8 Adventurer 0 Explorer 0 Win Type - Total 0 Types 0/0/0/0/0/0/0/0/0 Lore% 1 Gallery% 10 Achievement% 8 Wizard Run 0 Options --------- Layout 1 ASCII 0 Keyboard 0 Movement Arrows Keybinds 0 Fullscreen 1 Font 24/Smallcaps Map View 50x35 Zoom Use 0% Tactical HUD 0 Map Filters NONE Filters NONE Steam 1 RUN: 2d12282a-d04d-4797-8958-b3f8b8dbf122